 Dungeon Crawl Stone Soup version 0.29.1-13-g9f3cf754e1 (webtiles) character file.

Game seed: 6855175161777105978

7 croobank the Insei (level 2, 0/27 HPs)
             Began as an Octopode Transmuter on Jan 19, 2023.
             Succumbed to a kobold's poison
             ... on level 1 of the Dungeon.
             The game lasted 00:00:53 (107 turns).

croobank the Insei (Octopode Transmuter)             Turns: 107, Time: 00:00:54

Health: 0/27       AC: 21    Str:  9    XL:     2   Next: 0%
Magic:  5/5        EV:  2    Int: 15    God:
Gold:   0          SH:  0    Dex: 12    Spells: 4/5 levels left

rFire   . . .      SeeInvis .   b - +0 short sword
rCold   . . .      Faith    .   (no shield)
rNeg    . . .      Spirit   .   (helmet currently unavailable)
rPois   +          Reflect  .   (no amulet)
rElec   .          Harm     .   (no ring)
rCorr   .          Rampage  .   (no ring)
Will    .....      NoTele   +   (no ring)
Stlth   +.........              (no ring)
HPRegen 0.09/turn               (no ring)
MPRegen 0.09/turn               (no ring)
                                (no ring)
                                (no ring)

@: lethally poisoned (0 -> -8), tree-form, attractive
A: stationary, stasis, torment immunity, boosted hp, almost no armour,
(amphibious), 8 rings, (camouflage 1), (gelatinous body 1), (nimble swimmer 1),
(tentacles)
a: no special abilities


You were on level 1 of the Dungeon.
You were a tree.
You visited 1 branch of the dungeon, and saw 1 of its levels.

Inventory:

Hand Weapons
 b - a +0 short sword (weapon)
 c - a +0 dagger


   Skills:
 + Level 1.2 Fighting
 + Level 2.1 Dodging
 + Level 3.1 Unarmed Combat
 + Level 2.1 Spellcasting
 + Level 2.1 Transmutations


You had 4 spell levels left.
You knew the following spells:

 Your Spells              Type           Power      Damage    Failure   Level
a - Beastly Appendage     Tmut           14%        N/A       10%         1

Your spell library contained the following spells:

 Spells                   Type           Power      Damage    Failure   Level
 Wereblood                Tmut           7%         N/A       14%         2
 Spider Form              Tmut/Pois      4%         N/A       38%         3
 Ice Form                 Ice/Tmut       4%         N/A       80%         4


Dungeon Overview and Level Annotations

Branches:
Dungeon (1/15)

Altars:


Innate Abilities, Weirdness & Mutations

You are a tree.
Your roots penetrate the ground, keeping you stationary.
You cannot be teleported.
You are immune to unholy pain and torment.
Your maximum health is greatly increased.
You cannot wear most types of armour.
((You are amphibious.))
You can wear up to eight rings at the same time.
((Your skin changes colour to match your surroundings (Stealth+).))
((Your rubbery body absorbs attacks. (AC +1, EV +1)))
((You are camouflaged when in or above water. (Stealth+)))
((You have tentacles for arms and can constrict up to eight enemies at once.))


Message History

You are too injured to fight recklessly!
You are too injured to fight recklessly!
You hit the quokka but do no damage. You grab the quokka.
Your tentacle spike misses the quokka.
Your squeeze misses the quokka. You constrict the goblin.
You constrict the quokka, but do no damage.
The quokka closely misses you. The goblin hits you with a +0 dagger.
The quokka bites you.
* * * LOW HITPOINT WARNING * * *
You hit the quokka.
You pierce the quokka.
You squeeze the quokka.
You kill the quokka!
You constrict the goblin.
You kill the goblin!
You have reached level 2!
You start resting.
Your tentacle spike disappears.
A kobold comes into view. It is wielding a +2 dagger of venom.
The kobold shouts!
Found 8 stones.
Found a black potion.
You see here a black potion.
It was a potion of attraction.
You feel attractive to monsters. The kobold is attracted toward you.
Really quaff the potion of lignification?
You turn into a tree.
Your roots penetrate the ground.
The kobold hits you but does no damage.
You closely miss the kobold.
The kobold hits you with a +2 dagger of venom.
* * * LOW HITPOINT WARNING * * *
You are lethally poisoned!
You hit the kobold.
The kobold is severely wounded.
* * * LOW HITPOINT WARNING * * *
You feel very sick. The kobold hits you but does no damage.
You aren't carrying any potions.
You hit the kobold.
You kill the kobold!
You die...

#######.##.#.#..####.#.....#.#...
#...........# #.#.###.#.# ..
##.....#.#..####.#.# .# # .
#<................. ..
##..##...........#
................###
###..#.....(.......#
#..#......)......+
....#......♣......#
###.#.............#
.##........###.. .....#.####
###...... #....... ##.#....
#.###.


There were no monsters in sight!

Vanquished Creatures
  A dart slug (D:1)
  A goblin (D:1)
  A hobgoblin (D:1)
  A quokka (D:1)
  A kobold (D:1)
5 creatures vanquished.

Notes
Turn   | Place    | Note
-------+----------+-------------------------------------------
     0 | D:1      | croobank the Octopode Transmuter began the quest for the
                  | Orb.
     0 | D:1      | Reached XP level 1. HP: 13/13 MP: 3/3
    81 | D:1      | Reached XP level 2. HP: 3/18 MP: 5/5
   107 | D:1      | Succumbed to a kobold's poison

Illustrated notes

Levels and vault maps discovered:
D:1:      saegor_arrival_simple_a, layout_basic, serial_shops, shop,
          minmay_lizard_pond

Action                   || total
-------------------------++-------
Melee: Short sword       ||    12
       Constrict         ||     4
       Kick              ||     4
       Tentacles         ||     3
 Cast: Beastly Appendage ||     2
  Use: Potion            ||     2
Armor: Skin              ||     2
Dodge: Dodged            ||     8
